 Dungeon Sprint DCSS version 0.19.5 (webtiles) character file.

420 Snowbourne the Jinx (level 6, 0/27 (28) HPs)
             Began as a Spriggan Enchanter on May 12, 2017.
             Slain by a tyrant leech (27 damage)
             ... in the Dungeon (Sprint II: "The Violet Keep of Menkaure").
             The game lasted 00:01:13 (225 turns).

Snowbourne the Jinx (Spriggan Enchanter)             Turns: 225, Time: 00:01:13

HP:   0/27 (28)     AC:  3    Str:  4    XL:     6   Next: 62%
MP:   5/11          EV: 18    Int: 17    God:
Gold: 486           SH:  0    Dex: 18    Spells: 3 memorised, 4 levels left

rFire  . . .     SeeInvis +     a - +1 dagger
rCold  . . .     Gourm    .     b - +1 robe
rNeg   . . .     Faith    .     (shield restricted)
rPois  .         Spirit   .     (helmet restricted)
rElec  .         Reflect  .     (no cloak)
rCorr  .         Harm     .     (gloves unavailable)
MR     +....     NoTele   +     (boots unavailable)
Stlth  +++++.....               (no amulet)
                                (no ring)
                                (no ring)

@: very quick
A: unfitting armour, see invisible, herbivore 3, speed 3, slow metabolism 2
a: no special abilities


You were in the Dungeon.
You were not hungry.

You visited 1 branch You collected 486 gold pieces.

Inventory:

Hand Weapons
 a - a +1 dagger (weapon)
Armour
 b - a +1 robe (worn)
Scrolls
 j - a scroll of blinking
Potions
 e - a potion of curing
 f - a potion of heal wounds
 g - a potion of haste
 h - 2 potions of magic
 i - a potion of berserk rage
Books
 c - a book of Maledictions

   Spells                             Type                      Level
   a - Corona                         Hexes                        1
   b - Ensorcelled Hibernation        Hexes/Ice                    2
   c - Confuse                        Hexes                        3
   d - Tukima's Dance                 Hexes                        3
   e - Dazzling Spray                 Conjuration/Hexes            3
Comestibles
 d - a bread ration


   Skills:
 - Level 1.1 Short Blades
 - Level 3.0 Dodging
 + Level 13.0 Stealth
 - Level 2.6 Spellcasting
 * Level 13.8 Hexes
 - Level 0.1 Ice Magic


You had 4 spell levels left.
You knew the following spells:

 Your Spells              Type           Power        Failure   Level  Hunger
a - Corona                Hex            #####..      1%          1    #......
b - Ensorcelled Hibernat  Hex/Ice        ####..       1%          2    ##.....
c - Confuse               Hex            #####...     1%          3    ###....


Dungeon Overview and Level Annotations

Branches:
Dungeon (1/1)

Altars:


Innate Abilities, Weirdness & Mutations

You are very small and have problems with some larger weapons.
You are too small for most types of armour.
You have supernaturally acute eyesight. (SInv)
You are a herbivore.
You cover ground extremely quickly.
You need consume almost no food.


Message History

Casting: Confuse
Confirm with . or Enter, or press ? or * to list all spells.
Aiming: Ensorcelled Hibernation
Press: ? - help, Shift-Dir - straight line, f - tyrant leech
Aim: a tyrant leech (chance to defeat MR: 37%)
The tyrant leech easily resists.
Casting: Ensorcelled Hibernation
Confirm with . or Enter, or press ? or * to list all spells.
Aiming: Ensorcelled Hibernation
Press: ? - help, Shift-Dir - straight line, f/p - tyrant leech
Aim: a tyrant leech (chance to defeat MR: 37%)
The tyrant leech easily resists.
Casting: Ensorcelled Hibernation
Confirm with . or Enter, or press ? or * to list all spells.
Aiming: Ensorcelled Hibernation
Press: ? - help, Shift-Dir - straight line, f/p - tyrant leech
Aim: a tyrant leech (chance to defeat MR: 37%)
The tyrant leech easily resists.
The tyrant leech bites you!!
Ouch! That really hurt!
You die...

## ## ##. .##
.m#.. # .$.
### ##.
#+###.#
#.w$##.##.†##
#w@<.+##.+
#...##.##.†##
##. ##'###.#
# ##.†.####
#..#.†#
##.#.## ##+##


You could see 2 tyrant leeches.

Vanquished Creatures
  4 necrophages (D)
  4 worker ants (D)
8 creatures vanquished.

Vanquished Creatures (others)
  Menkaure (D)
  A crocodile (D)
2 creatures vanquished.

Grand Total: 10 creatures vanquished

Notes
Turn   | Place    | Note
-------+----------+-------------------------------------------
     0 | D        | Snowbourne the Spriggan Enchanter began the quest for the Orb.
     0 | D        | Reached XP level 1. HP: 9/9 MP: 5/5
     1 | D        | Noticed a siren
     5 | D        | Noticed a worker ant
     5 | D        | Noticed a worker ant
     5 | D        | Noticed a worker ant
     5 | D        | Noticed a worker ant
     8 | D        | Killed a worker ant
     8 | D        | Reached XP level 2. HP: 13/13 MP: 6/6
     9 | D        | Reached XP level 3. HP: 16/16 MP: 8/8
    13 | D        | Learned a level 2 spell: Ensorcelled Hibernation
    17 | D        | Learned a level 3 spell: Confuse
    19 | D        | Reached XP level 4. HP: 21/21 MP: 9/9
    35 | D        | Killed a crocodile
    42 | D        | Noticed a necrophage
    42 | D        | Noticed a necrophage
    42 | D        | Noticed a necrophage
    42 | D        | Noticed a necrophage
    45 | D        | Killed a necrophage
    45 | D        | Reached skill level 10 in Stealth
    45 | D        | Reached XP level 5. HP: 24/24 MP: 10/10
    48 | D        | Killed a necrophage
    51 | D        | Killed a necrophage
    51 | D        | Reached XP level 6. HP: 21/27 MP: 7/11
   123 | D        | Killed Menkaure
   222 | D        | Noticed a tyrant leech
   222 | D        | Noticed a tyrant leech
   225 | D        | Slain by a tyrant leech

Skill      XL: |  1  2  3  4  5  6 |
---------------+-------------------+-----
Stealth        | 6 7 8 10 12 13 | 13.0
Hexes          | 6 7 8 11 13 | 13.8
Short Blades   | |  1.1
Dodging        | |  3.0
Spellcasting   | |  2.6
Ice Magic      | |  0.1

Action                   |  1- 3 |  4- 6 || total
-------------------------+-------+-------++-------
Melee: Dagger            |     3 |     8 ||    11
 Cast: Ensorcelled Hiber |       |     4 ||     4
       Confuse           |       |     2 ||     2
 Stab: Sleeping          |     3 |     3 ||     6
       Confused          |       |     3 ||     3
Dodge: Dodged            |       |     4 ||     4
